 Dungeon Crawl Stone Soup version 0.21-a0-286-g6fcecc0 (webtiles) character file.

182947 Jor the Imperceptible (level 17, -2/100 HPs)
             Began as a Spriggan Enchanter on Sept 26, 2017.
             Was the Champion of Dithmenos.
             Slain by a thorn hunter (15 damage)
             ... on level 4 of the Swamp.
             The game lasted 02:20:12 (52338 turns).

Jor the Imperceptible (Spriggan Enchanter)         Turns: 52338, Time: 02:20:12

Health: -2/100     AC: 12    Str: 13    XL:     17   Next: 72%
Magic:  30/37      EV: 32    Int: 21    God:    Dithmenos [******]
Gold:   1441       SH:  6    Dex: 17    Spells: 25/47 levels left

rFire    + . .     SeeInvis +   m - +7 rapier (venom)
rCold    . . .     Gourm    .   (shield restricted)
rNeg     . . .     Faith    .   J - +2 robe {MR+}
rPois    .         Spirit   .   L - +2 hat
rElec    +         Reflect  +   E - +2 cloak {MR+}
rCorr    .         Harm     .   (gloves unavailable)
MR       ++++.                  (boots unavailable)
Stlth    ++++++++++             i - +6 amulet of reflection
HPRegen  0.26/turn              T - +2 ring of protection
MPRegen  0.25/turn              l - +5 ring of strength

@: wreathed by umbra, very quick
A: unfitting armour, see invisible, clever 1, fire resistance 1, herbivore 3,
speed 3, robust 1, shaggy fur 1, electricity resistance, slow metabolism 2
a: Shadow Step, Shadow Form, Renounce Religion


You were on level 4 of the Swamp.
You worshipped Dithmenos.
Dithmenos was exalted by your worship.
You were not hungry.

You visited 8 branches of the dungeon, and saw 34 of its levels.

You collected 3391 gold pieces.
You spent 1950 gold pieces at shops.

Inventory:

Hand Weapons
 m - a +7 rapier of venom (weapon)
 A - the +8 short sword of Ozu Rong {pierce, -Tele rPois Str+3 Int+8}
   (You acquired it on level 3 of the Swamp)

   It inflicts extra damage upon your enemies.
   It affects your strength (+3).
   It affects your intelligence (+8).
   It protects you from poison.
   It prevents most forms of teleportation.
Missiles
 S - a throwing net (quivered)
Armour
 E - a +2 cloak of magic resistance (worn)
 J - a +2 robe of magic resistance (worn)
 L - a +2 hat (worn)
 W - a +2 robe of cold resistance
Jewellery
 i - a +6 amulet of reflection (around neck)
 l - a +5 ring of strength (right hand)
 o - an uncursed amulet of rage
 y - an uncursed ring of protection from cold
 D - an uncursed ring of protection from magic
 I - an uncursed ring of ice
 T - a +2 ring of protection (left hand)
Wands
 b - a wand of paralysis (8/24)
 c - a wand of digging (8/24)
 f - a wand of digging (11/24)
 n - a wand of acid (1/15)
 t - a wand of enslavement (21/24)
 z - a wand of disintegration (9/24)
 C - a wand of iceblast (6/15)
 H - a wand of iceblast (9/15)
 K - a wand of enslavement (11/24)
 M - a wand of lightning (9/15)
 O - a wand of acid (6/15)
Scrolls
 a - 2 scrolls of recharging
 j - a scroll of magic mapping
 q - 11 scrolls of teleportation
 r - a scroll of enchant armour
 s - 14 scrolls of remove curse
 u - 23 scrolls of identify
 G - a scroll of blinking
 Q - 2 scrolls of fog
 U - 2 scrolls of fear
Potions
 e - 2 potions of flight
 g - 3 potions of curing
 h - 8 potions of brilliance
 k - 2 potions of cancellation
 w - a potion of magic
 N - 4 potions of agility
 P - 4 potions of resistance
 R - a potion of berserk rage
Comestibles
 d - 15 bread rations
 p - 4 fruits
 v - a royal jelly


   Skills:
 + Level 10.9 Fighting
 + Level 14.0 Short Blades
 + Level 17.3 Dodging
 + Level 22.0 Stealth
 + Level 15.5 Spellcasting
 + Level 15.6 Hexes


You had 25 spell levels left.
You knew the following spells:

 Your Spells              Type           Power        Failure   Level  Hunger
a - Ensorcelled Hibernat  Hex/Ice        #####.       1%          2    None
b - Corona                Hex            ######.      0%          1    None
c - Confuse               Hex            ######..     1%          3    None
d - Tukima's Dance        Hex            ######..     1%          3    None
e - Dazzling Spray        Conj/Hex       #####.       1%          3    None
f - Cause Fear            Hex            ######....   1%          4    None
g - Darkness              Hex            ######....   1%          6    #####..


Dungeon Overview and Level Annotations

Branches:
Dungeon (15/15)            Temple (1/1) D:5            Lair (6/6) D:8
  Swamp (4/4) Lair:4        Snake (4/4) Lair:4        Slime (0/5) Lair:6
    Orc (2/2) D:9             Elf (1/3) Orc:2        Vaults (0/5) D:14
 Depths (1/5) D:15

Altars:
Ashenzari
Cheibriados
Dithmenos
Elyvilon
Fedhas
Gozag
Hepliaklqana
Kikubaaqudgha
Makhleb
Nemelex Xobeh
Okawaru
Qazlal
Ru
Sif Muna
Trog
Uskayaw
Vehumet
Wu Jian
Xom
Yredelemnul
Zin
The Shining One

Shops:
D:4 =   D:6 *   D:13 !   Orc:1 *   Orc:2 [[*(=   Snake:1 !   Snake:3 (*%=[*}

Annotations:
Swamp:4 1 exclusion


Innate Abilities, Weirdness & Mutations

You are very small and have problems with some larger weapons.
You are too small for most types of armour.
You have supernaturally acute eyesight. (SInv)
You are a herbivore.
You cover ground extremely quickly.
You need consume almost no food.
Your mind is acute. (Int +2)
Your flesh is heat resistant. (rF+)
You are robust. (+10% HP)
You are covered in fur. (AC +1)
You are resistant to electric shocks. (rElec)


Message History

You hit the thorn hunter.
The thorn hunter is severely damaged.
You block the thorn hunter's attack. The thorn hunter hits you.
You barely miss the thorn hunter.
The thorn hunter is severely damaged.
You closely miss the thorn hunter.
The thorn hunter is severely damaged.
Your shadow closely misses the thorn hunter.
The thorn hunter fires a volley of thorns at you.
The volley of thorns hits you!
* * * LOW HITPOINT WARNING * * *
You emit a cloud of dark smoke.
You closely miss the thorn hunter.
The thorn hunter is almost destroyed.
Your shadow hits the thorn hunter but does no damage.
You hit the thorn hunter.
The thorn hunter is almost destroyed.
Your shadow hits the thorn hunter with a rapier.
The thorn hunter misses you. The thorn hunter hits you!
You die...

...(♣≈†.≈≈≈≈.≈≈≈≈≈≈≈≈§.≈≈≈.≈≈≈..≈
≈≈≈≈≈.≈≈≈♣♣..≈≈..(≈≈≈≈≈..........
≈≈.♣.≈≈≈≈.≈≈≈≈≈.≈.≈≈≈≈≈≈≈≈≈≈≈≈≈≈♣
♣♣♣♣.≈≈≈.≈≈≈≈≈≈≈<[≈.≈≈≈≈..≈≈≈≈.≈♣
♣.≈≈≈..≈≈≈≈≈≈....≈≈.≈♣♣.≈≈≈.♣♣
♣♣.≈..§≈≈≈≈≈§♣♣♣♣.≈.≈..♣♣♣...≈
♣♣♣≈...≈≈≈§§§§§♣♣≈♣♣..≈♣♣♣... ♣
♣♣♣♣..≈♣≈..§§§§§♣♣♣≈♣♣♣♣♣♣.≈≈.
♣♣♣♣≈.≈≈.≈♣♣..§f@♣♣♣♣.≈§...≈.≈≈≈≈
.≈≈.....♣♣♣♣♣.§♣♣♣♣♣♣.≈≈≈≈...♣♣♣♣
....≈.♣♣♣≈♣ ♣≈.....♣♣♣..≈≈§.♣≈≈≈≈
≈≈≈≈≈≈≈.≈♣♣ ♣♣...≈≈≈♣♣♣≈♣≈.♣♣≈.≈≈
≈≈≈≈≈≈≈.♣♣ ♣♣♣.≈.≈♣♣♣≈....♣≈≈≈♣
≈≈..≈≈≈.♣ ♣♣..≈♣≈...≈..≈≈♣♣#
§..≈≈≈≈≈♣ ♣...♣§≈..≈[≈.♣# *
...§≈≈≈≈♣♣♣♣ ♣..♣≈≈≈≈D≈≈≈♣#***
.≈♣..≈≈≈♣♣≈♣♣ ♣≈.♣.f≈≈≈≈§.♣**,,


You could see a thorn hunter.

Vanquished Creatures
  Saint Roka (Orc:1)
  Vashnia (Snake:4)
  Rupert (Lair:4)
  Frances (Snake:2)
  4 nagarajas
  The ghost of ciphuk the Sharpshooter, an adept KoHu of Dithmenos (Snake:1)
  4 thorn hunters
  An orc warlord (Orc:1)
  A dire elephant (Lair:6)
  Azrael (Orc:2)
  Nessos (Orc:1)
  2 fire dragons (D:15)
  Snorg (Lair:3)
  Josephine (Swamp:1)
  5 naga warriors
  2 ghost crabs (Swamp:2)
  A vault guard (D:14)
  19 hydras
  Fannar (Lair:1)
  2 centaur warriors
  5 death yaks (Lair:6)
  6 anacondas
  A death knight (D:15)
  2 catoblepae (Lair:6)
  14 two-headed ogres
  9 alligators
  2 ogre magi (D:15)
  A deep troll shaman (Lair:6)
  2 tengu warriors (D:15)
  The ghost of kohrah the Eclecticist, a journeyman DEFE of Vehumet (Orc:2)
  4 orc high priests
  3 shock serpents
  7 naga sharpshooters
  Nergalle (D:10)
  4 unseen horrors
  2 skeletal warriors (D:15)
  5 spriggan druids
  Pikel (D:6)
  3 deep elf magi
  4 naga ritualists
  7 swamp dragons
  4 shambling mangroves
  2 oklob plants (Lair:3)
  A wolf spider zombie (D:15)
  3 orc knights (Orc:1)
  3 salamanders
  9 mana vipers
  3 orc sorcerers
  9 ugly things
  18 slime creatures
  2 cyclopes
  2 manticores
  8 elephants
  3 centaur zombies
  9 naga magi
  15 black mambas
  2 guardian serpents
  A torpor snail (Lair:5)
  Joseph (D:8)
  Psyche (D:12)
  Maurice (D:9)
  An eye of devastation (Lair:6)
  3 gargoyles
  A rime drake (Lair:6)
  17 spiny frogs
  An efreet (D:15)
  8 komodo dragons
  4 freezing wraiths (D:15)
  A yaktaur (D:15)
  7 trolls
  6 polar bears
  16 hornets
  18 blink frogs
  12 bog bodies
  3 tyrant leeches
  7 hippogriffs
  A meliai zombie (D:12)
  7 spriggans
  21 yaks
  3 water elementals
  5 wraiths (Swamp:1)
  4 wyverns
  2 shadows
  3 fire elementals (Orc:1)
  2 hungry ghosts
  Eustachio (D:5)
  3 basilisks
  15 vampire mosquitoes
  19 swamp worms
  A soldier ant (D:10)
  2 acid dragons (D:13)
  5 wargs (Orc:1)
  7 insubstantial wisps
  24 nagas
  10 water moccasins
  10 porcupines
  17 swamp drakes
  A black bear (shapeshifter) (D:13)
  4 hell hounds
  2 ice beasts
  2 hornet zombies (D:9)
  2 necrophages
  32 orc warriors
  4 phantoms
  5 sky beasts
  An eye of draining (Lair:6)
  6 wolves (Lair:6)
  5 centaurs
  11 ogres
  14 crocodiles
  14 bullfrogs
  A big kobold (D:12)
  A wyvern zombie (D:11)
  2 scorpions
  2 wyvern skeletons
  15 wights
  8 killer bees
  6 electric eels
  6 howler monkeys
  5 crimson imps
  5 lava snakes (D:7)
  28 orc priests
  A jelly (D:9)
  5 hounds
  37 orc wizards
  3 bullfrog skeletons
  6 centaur skeletons
  4 iguanas
  3 hell rats (D:8)
  9 worker ants
  2 killer bee zombies
  2 hound zombies
  A hound skeleton (D:7)
  2 worker ant zombies
  4 gnolls (D:8)
  19 adders
  5 river rats (D:8)
  2 shadow imps
  2 oozes
  An adder zombie (D:6)
  An adder skeleton (D:7)
  4 worms
  2 dart slugs (D:1)
  6 leopard geckos
  94 orcs
  5 giant cockroaches
  7 goblins
  5 hobgoblins
  13 jackals
  9 quokkas
  A ball python (D:4)
  10 bats
  6 frilled lizards
  16 kobolds
  2 leopard gecko skeletons
  2 quokka skeletons
  A quokka zombie (D:5)
  18 rats
  A fungus (Lair:6)
  5 plants
997 creatures vanquished.

Vanquished Creatures (collateral kills)
  A naga sharpshooter (Snake:4)
  2 orc warriors
  An orc wizard (D:14)
  An orc priest (Orc:1)
5 creatures vanquished.

Vanquished Creatures (others)
  A shadow (D:15)
  An electric eel (D:6)
  A crimson imp (D:6)
  4 orcs
  A briar patch (Swamp:4)
  A fungus (Lair:6)
  4 plants
13 creatures vanquished.

Grand Total: 1015 creatures vanquished

Notes
Turn   | Place    | Note
-------+----------+-------------------------------------------
     0 | D:1      | Jor the Spriggan Enchanter began the quest for the Orb.
     0 | D:1      | Reached XP level 1. HP: 9/9 MP: 5/5
   383 | D:2      | Reached XP level 2. HP: 13/13 MP: 7/7
   387 | D:2      | Learned a level 2 spell: Ensorcelled Hibernation
   736 | D:2      | Found a hide-covered altar of Uskayaw.
  1026 | D:2      | Reached XP level 3. HP: 16/16 MP: 1/9
  1038 | D:2      | Learned a level 3 spell: Confuse
  1042 | D:2      | Learned a level 3 spell: Tukima's Dance
  1950 | D:1      | Reached skill level 5 in Hexes
  2247 | D:1      | Reached XP level 4. HP: 16/21 MP: 8/11
  3100 | D:3      | Reached XP level 5. HP: 24/24 MP: 10/13
  3660 | D:3      | Reached skill level 5 in Spellcasting
  3858 | D:3      | Found a sparkling altar of Nemelex Xobeh.
  4089 | D:3      | Found an ornate altar of the Wu Jian Council.
  4247 | D:4      | Found Kinguc's Jewellery Boutique.
  4267 | D:4      | Found a shadowy altar of Dithmenos.
  4278 | D:4      | Became a worshipper of Dithmenos the Shadowed
  4322 | D:4      | Noticed an ogre
  4333 | D:4      | Learned a level 3 spell: Dazzling Spray
  4338 | D:4      | Killed an ogre
  4338 | D:4      | Reached skill level 5 in Stealth
  4338 | D:4      | Reached XP level 6. HP: 10/28 MP: 0/15
  4505 | D:4      | Reached skill level 6 in Stealth
  4755 | D:5      | Entered Level 5 of the Dungeon
  4762 | D:5      | Noticed Eustachio
  4767 | D:5      | Killed Eustachio
  4767 | D:5      | Reached skill level 7 in Stealth
  4902 | D:5      | Reached skill level 8 in Stealth
  4904 | D:5      | Reached XP level 7. HP: 32/32 MP: 16/16
  5036 | D:5      | Reached skill level 9 in Stealth
  5084 | D:5      | Reached skill level 10 in Stealth
  5198 | D:5      | Found a snail-covered altar of Cheibriados.
  5249 | D:5      | Found a shattered altar of Ashenzari.
  5262 | D:5      | Noticed a two-headed ogre
  5301 | D:5      | Killed a two-headed ogre
  5301 | D:5      | Reached skill level 13 in Stealth
  5301 | D:5      | Reached XP level 8. HP: 21/36 MP: 2/17
  5568 | D:5      | Reached skill level 14 in Stealth
  5693 | D:5      | Found a staircase to the Ecumenical Temple.
  5997 | D:5      | Found a snail-covered altar of Cheibriados.
  6027 | D:5      | Reached * piety under Dithmenos
  6438 | Temple   | Entered the Ecumenical Temple
  6606 | D:6      | Reached XP level 9. HP: 39/39 MP: 18/18
  6641 | D:6      | Found Utsok's General Store.
  6652 | D:6      | Bought a scroll of identify for 22 gold pieces
  6707 | D:5      | Reached skill level 15 in Stealth
  7274 | D:6      | Noticed Pikel
  7309 | D:6      | Killed Pikel
  7309 | D:6      | Reached skill level 1 in Fighting
  8073 | D:6      | Found a radiant altar of Vehumet.
  8248 | D:7      | Found a blossoming altar of Fedhas.
  8473 | D:7      | Reached skill level 5 in Dodging
  8638 | D:7      | Noticed a two-headed ogre
  8666 | D:7      | Killed a two-headed ogre
  8666 | D:7      | Reached skill level 5 in Short Blades
  8666 | D:7      | Reached XP level 10. HP: 46/46 MP: 10/21
  8889 | D:7      | Found a shimmering altar of Xom.
  8907 | D:7      | Reached ** piety under Dithmenos
  8931 | D:7      | Found a shimmering altar of Xom.
  8932 | D:7      | Found a shimmering altar of Xom.
  8932 | D:7      | Found a shimmering altar of Xom.
  8934 | D:7      | Found a shimmering altar of Xom.
  8934 | D:7      | Found a shimmering altar of Xom.
  8936 | D:7      | Found a shimmering altar of Xom.
  9445 | D:8      | Noticed a two-headed ogre
  9452 | D:8      | Killed a two-headed ogre
  9458 | D:8      | Found a stormy altar of Qazlal.
  9471 | D:8      | Noticed Joseph
  9478 | D:8      | Killed Joseph
  9607 | D:8      | Found a staircase to the Lair.
 10163 | D:8      | Noticed a cyclops
 10168 | D:8      | Killed a cyclops
 10168 | D:8      | Reached skill level 16 in Stealth
 10651 | D:8      | You fall through a shaft for 3 floors!
 10655 | D:11     | Noticed an unseen horror
 10666 | D:10     | Entered Level 10 of the Dungeon
 10673 | D:10     | Noticed a two-headed ogre
 10683 | D:10     | Killed a two-headed ogre
 10735 | D:9      | Noticed a deep elf mage
 10740 | D:9      | Killed a deep elf mage
 10759 | D:9      | Reached *** piety under Dithmenos
 10768 | D:9      | Found a shadowy altar of Dithmenos.
 10857 | D:9      | Reached XP level 11. HP: 31/52 MP: 19/24
 11195 | D:8      | Found an opulent altar of Gozag.
 11195 | D:8      | Found a hazy altar of Hepliaklqana.
 11202 | D:8      | Found a faded altar of an unknown god.
 11202 | D:8      | Noticed a two-headed ogre
 11204 | D:8      | Found an iron altar of Okawaru.
 11205 | D:8      | Found a glowing golden altar of the Shining One.
 11207 | D:8      | Killed a two-headed ogre
 11758 | D:9      | Found a deep blue altar of Sif Muna.
 11836 | D:9      | Found a staircase to the Orcish Mines.
 11849 | D:9      | Noticed a two-headed ogre
 11854 | D:9      | Noticed Maurice
 11855 | D:9      | Killed Maurice
 11887 | D:9      | Killed a two-headed ogre
 12596 | D:10     | Reached **** piety under Dithmenos
 12621 | D:10     | Noticed Nergalle
 12622 | D:10     | Noticed a two-headed ogre
 12626 | D:10     | Killed Nergalle
 12647 | D:10     | Killed a two-headed ogre
 13036 | D:10     | Killed an unseen horror
 13112 | D:11     | Noticed an unseen horror
 13188 | D:10     | Reached skill level 17 in Stealth
 13215 | D:10     | Reached skill level 5 in Fighting
 13653 | D:11     | Killed an unseen horror
 13817 | D:11     | Noticed an unseen horror
 13832 | D:11     | Killed an unseen horror
 13832 | D:11     | Reached XP level 12. HP: 59/59 MP: 26/26
 13864 | D:11     | Reached skill level 10 in Hexes
 14312 | D:12     | Reached skill level 10 in Dodging
 14365 | D:12     | Noticed Psyche
 14372 | D:12     | Killed Psyche
 15102 | D:12     | Reached ***** piety under Dithmenos
 15362 | D:13     | Reached skill level 10 in Spellcasting
 15491 | D:13     | Noticed an eight-headed hydra
 15498 | D:13     | Killed an eight-headed hydra
 15519 | D:13     | Found Pit Irphauz's Distillery.
 15560 | D:13     | Bought a potion of berserk rage for 75 gold pieces
 15560 | D:13     | Bought a potion of heal wounds for 75 gold pieces
 15560 | D:13     | Bought a potion of heal wounds for 75 gold pieces
 15560 | D:13     | Bought 2 potions of mutation for 240 gold pieces
 15560 | D:13     | Bought a potion of heal wounds for 75 gold pieces
 15560 | D:13     | Gained mutation: You are frail. (-10% HP) [potion of mutation]
 15560 | D:13     | Gained mutation: Potions are less effective at restoring your health. [potion of mutation]
 15560 | D:13     | Gained mutation: You are agile. (Dex +2) [potion of mutation]
 15561 | D:13     | Lost mutation: You are frail. (-10% HP) [potion of mutation]
 15561 | D:13     | Lost mutation: You are agile. (Dex +2) [potion of mutation]
 15561 | D:13     | Gained mutation: Your muscles are strong. (Str +2) [potion of mutation]
 15561 | D:13     | Gained mutation: You are robust. (+10% HP) [potion of mutation]
 15561 | D:13     | Gained mutation: You evolve. [potion of mutation]
 15704 | D:13     | Noticed a centaur warrior
 15727 | D:13     | Killed a centaur warrior
 16259 | D:13     | Noticed a two-headed ogre
 16261 | D:13     | Killed a two-headed ogre
 16479 | D:14     | Reached skill level 18 in Stealth
 16488 | D:14     | Found a gate to the Vaults.
 16488 | D:14     | Noticed a vault guard
 16491 | D:14     | Killed a vault guard
 16537 | D:14     | Reached XP level 13. HP: 70/70 MP: 18/28
 17482 | Lair:1   | Entered Level 1 of the Lair of Beasts
 18204 | Lair:1   | Noticed Fannar
 18208 | Lair:1   | Killed Fannar
 19621 | Lair:3   | Noticed Snorg
 19624 | Lair:3   | Killed Snorg
 19624 | Lair:3   | Reached skill level 10 in Short Blades
 20934 | Lair:4   | Found a staircase to the Snake Pit.
 20964 | Lair:4   | Found a staircase to the Swamp.
 21303 | Lair:4   | Noticed Rupert
 21371 | Lair:4   | Killed Rupert
 21830 | Lair:5   | Reached XP level 14. HP: 69/79 MP: 30/30
 22367 | Lair:5   | Reached skill level 19 in Stealth
 22375 | Lair:5   | Gained mutation: Your flesh is heat resistant. (rF+) [evolution]
 22793 | Lair:6   | Entered Level 6 of the Lair of Beasts
 23105 | Lair:6   | Found a staircase to the Slime Pits.
 25550 | Lair:6   | Identified the Guide on Fiery Curses
 25559 | Lair:6   | Learned a level 4 spell: Cause Fear
 25809 | Orc:1    | Entered Level 1 of the Orcish Mines
 25827 | Orc:1    | Reached ****** piety under Dithmenos
 25843 | Orc:2    | Entered Level 2 of the Orcish Mines
 25843 | Orc:2    | Found a staircase to the Elven Halls.
 25843 | Orc:2    | Noticed Azrael
 25850 | Orc:2    | Killed Azrael
 25853 | Orc:2    | Noticed Saint Roka
 27163 | Orc:1    | Learned a level 6 spell: Darkness
 27721 | Orc:1    | Found Oliuschil's General Store.
 27735 | Orc:1    | Bought a scroll of enchant armour for 82 gold pieces
 28266 | Orc:2    | Found Causuho's Antique Armour Shop.
 28356 | Orc:2    | Noticed Nessos
 30118 | Orc:1    | Killed Nessos
 30318 | Orc:2    | Noticed an orc warlord
 30594 | Orc:1    | Gained mutation: Your flesh is cold resistant. (rC+) [evolution]
 30594 | Orc:1    | Lost mutation: You evolve. [end of evolution]
 30607 | Orc:1    | Killed an orc warlord
 30803 | Orc:2    | Noticed kohrah's ghost (journeyman DEFE)
 32899 | Orc:1    | Killed Saint Roka
 32899 | Orc:1    | Reached XP level 15. HP: 42/85 MP: 7/32
 33885 | Orc:2    | Killed kohrah's ghost
 34148 | Orc:2    | Found Esaas's Antique Armour Boutique.
 34149 | Orc:2    | Found Ikhiluveu's Antique Weapon Boutique.
 34151 | Orc:2    | Found Toit's General Store.
 34151 | Orc:2    | Found Xeirgh's Jewellery Shop.
 34325 | Elf:1    | Entered Level 1 of the Elven Halls
 34496 | D:15     | Entered Level 15 of the Dungeon
 34548 | D:15     | Reached skill level 20 in Stealth
 34865 | D:15     | Found a sacrificial altar of Ru.
 35760 | D:15     | Found a staircase to the Depths.
 36392 | Depths:1 | Entered Level 1 of the Depths
 36402 | D:15     | Reached skill level 15 in Dodging
 36760 | Snake:1  | Entered Level 1 of the Snake Pit
 36806 | Snake:1  | Noticed ciphuk's ghost (adept KoHu)
 36848 | Snake:1  | Killed ciphuk's ghost
 36868 | Snake:1  | Found Uvetien's Distillery.
 36876 | Snake:1  | Bought a potion of agility for 56 gold pieces
 36876 | Snake:1  | Bought a potion of heal wounds for 70 gold pieces
 36876 | Snake:1  | Bought a potion of cancellation for 112 gold pieces
 36876 | Snake:1  | Bought a potion of agility for 56 gold pieces
 36876 | Snake:1  | Bought a potion of curing for 42 gold pieces
 36876 | Snake:1  | Bought a potion of cancellation for 112 gold pieces
 36876 | Snake:1  | Bought a potion of resistance for 140 gold pieces
 36876 | Snake:1  | Bought 2 potions of resistance for 280 gold pieces
 36921 | Snake:1  | HP: 4/86 [naga mage/bolt of poison (32)]
 37887 | Snake:2  | Noticed Frances
 37889 | Snake:2  | Killed Frances
 37963 | Snake:2  | Reached XP level 16. HP: 92/92 MP: 29/34
 40460 | Snake:3  | Found Akenk's Gadget Boutique.
 40704 | Snake:3  | Found a bloodstained altar of Trog.
 40716 | Snake:3  | Found Xateu's General Store.
 40735 | Snake:3  | Bought a bread ration for 85 gold pieces
 40735 | Snake:3  | Bought a scroll of identify for 34 gold pieces
 40735 | Snake:3  | Bought a scroll of identify for 34 gold pieces
 40735 | Snake:3  | Bought a bread ration for 85 gold pieces
 40777 | Snake:3  | Found Kafiohog's Jewellery Shoppe.
 40777 | Snake:3  | Found Elut's Food Emporium.
 40779 | Snake:3  | Found Wuuxt's Armour Shoppe.
 40933 | Snake:3  | Found Kaetz's Assorted Antiques.
 40956 | Snake:3  | Reached skill level 21 in Stealth
 41063 | Snake:3  | Bought a potion of curing for 75 gold pieces
 41063 | Snake:3  | Bought an onyx ring for 125 gold pieces
 41553 | Snake:3  | Found Uduwum's Weapon Shop.
 41818 | Snake:3  | Lost mutation: Your muscles are strong. (Str +2) [potion of mutation]
 41818 | Snake:3  | Lost mutation: Potions are less effective at restoring your health. [potion of mutation]
 41818 | Snake:3  | Lost mutation: Your flesh is cold resistant. (rC+) [potion of mutation]
 41818 | Snake:3  | Gained mutation: You are resistant to electric shocks. (rElec) [potion of mutation]
 41818 | Snake:3  | Gained mutation: You are covered in fur. (AC +1) [potion of mutation]
 41818 | Snake:3  | Gained mutation: Your mind is acute. (Int +2) [potion of mutation]
 42163 | Snake:4  | Entered Level 4 of the Snake Pit
 42163 | Snake:4  | Noticed Vashnia
 42165 | Snake:4  | Killed Vashnia
 42169 | Snake:4  | Reached skill level 10 in Fighting
 42524 | Swamp:1  | Entered Level 1 of the Swamp
 42524 | Swamp:1  | Noticed a thorn hunter
 42528 | Swamp:1  | Killed a thorn hunter
 42611 | Swamp:1  | Noticed Josephine
 42615 | Swamp:1  | Killed Josephine
 42625 | Swamp:1  | Reached skill level 15 in Hexes
 42669 | Swamp:1  | Paralysed by a hornet for 3 turns
 44499 | Swamp:2  | Reached XP level 17. HP: 97/97 MP: 19/36
 45545 | Swamp:2  | Reached skill level 15 in Spellcasting
 46650 | Swamp:3  | Identified a scroll of acquirement
 46654 | Swamp:3  | Got a polished short sword
 46655 | Swamp:3  | Identified the +8 short sword of Ozu Rong {pierce, -Tele rPois Str+3 Int+8} (You acquired it on level 3 of the Swamp)
 46939 | Swamp:4  | Entered Level 4 of the Swamp
 50384 | Swamp:4  | Reached skill level 22 in Stealth
 52338 | Swamp:4  | Slain by a thorn hunter

Vault maps used:
D:1:      minmay_arrival_widening_spiral_wide
D:2:      nicolae_overflow_hidden_temple
D:3:      nicolae_overflow_crystal_walls, marbit_many_paths
D:4:      serial_shops, shop, nicolae_dithmenos_shadow_blocks
D:5:      cheibrodos_worm_habitat, ashenzari_conservatory_becter,
          minmay_temple_entry_poolview, basic_altar, first_bread, uniq_eustachio
D:6:      kennysheep_mini, serial_shops, nicolae_shop_trees, minivault_14,
          uniq_pikel
D:7:      kennysheep_big_flooded_room, nicolae_xom_altar_mimics,
          overflow_temple_1_default, dk_noncrumbling_2
D:8:      lemuel_ratsnest, chequers_temple_overflow_minitemple,
          minmay_lair_entry_lava, grunt_qazlal_clouds, uniq_joseph
D:9:      led_sif_pool, orc_0_dummy, basic_altar, uniq_maurice
D:10:     uniq_nergalle
D:12:     uniq_psyche
D:13:     serial_shops, shop, grunt_ogre_cave
D:14:     david_vaults_5, serial_bayou, serial_bayou_pond_a,
          serial_bayou_lake_a, serial_bayou_pond_e, serial_bayou_pond_a,
          grunt_decor_resistance, lightli_corner_chamber
D:15:     grunt_enter_depths_hoard, basic_altar, serial_bayou_pond_b
Temple:   jpeg_temple_island
Lair:1:   uniq_fannar
Lair:2:   serial_bayou, serial_bayou_pond_a, serial_bayou_lagoon_a,
          serial_bayou_pond_e, serial_bayou_pond_c, serial_bayou_ford_a,
          serial_bayou_crossing, nicolae_lair_grove_arrangements,
          beast_lair_carwin_4
Lair:3:   minmay_lair_oklob_chamber, uniq_snorg
Lair:4:   minmay_swamp_entry_wisps, guppyfry_snake_entry_island, uniq_rupert
Lair:6:   grunt_lair_end_beastmaster, minmay_slime_entry_eyes
Swamp:1:  evilmike_swamp_ruin_house_2, swamp_pool5, uniq_josephine
Swamp:2:  infiniplex_staircase_pool, swamp_pool4
Swamp:3:  evilmike_swamp_ruin_rubble_1, swamp_pool1
Swamp:4:  swamp
Snake:1:  serial_shops, shop
Snake:2:  lemuel_fruit_tree, uniq_frances
Snake:3:  serial_shops, shop, shop, shop, basic_altar, minmay_shoptagon
Snake:4:  minmay_snake_end_coiled, uniq_vashnia, uniq_asterion
Orc:1:    cheibrodos_orc_guarddog, serial_shops, shop_fountains
Orc:2:    st_orc_congregation, serial_shops, nicolae_shop_waterfront,
          uniq_azrael, uniq_saint_roka, uniq_nessos
Elf:1:    minmay_the_grid_triangle_9x9_recursive_2, orc_legates
Depths:1: hell_entry, fountainhead, serial_shops, shop, minmay_door_square,
          serial_sigils_hangedman_gnaw, bh_walls_and_bars, grunt_megastairs_3,
          uniq_aizul

Skill      XL: |  1  2  3  4  5  6  7  8  9 10 11 12 13 14 15 16 17 |
---------------+----------------------------------------------------+-----
Spellcasting   | 3 4 5 7 8 9 10 11 12 13 14 15 | 15.5
Hexes          | 4 5 6 7 8 9 11 12 13 14 15 | 15.6
Stealth        | 5 8 13 14 15 16 17 18 19 20 21 22 | 22.0
Short Blades   | 5 6 8 9 10 11 12 13 14 | 14.0
Fighting       | 2 3 5 6 7 8 9 10 | 10.9
Dodging        | 5 7 9 11 12 14 15 16 17 | 17.3

Action                   |  1- 3 |  4- 6 |  7- 9 | 10-12 | 13-15 | 16-18 || total
-------------------------+-------+-------+-------+-------+-------+-------++-------
Melee: Dagger            |   134 |   220 |       |       |       |       ||   354
       Rapier            |       |     8 |   236 |   531 |  1117 |   688 ||  2580
 Cast: Corona            |     3 |       |       |       |       |       ||     3
       Ensorcelled Hiber |     9 |    29 |    11 |    28 |   118 |    31 ||   226
       Tukima's Dance    |       |     1 |       |     1 |     7 |     3 ||    12
       Dazzling Spray    |       |     6 |    15 |    14 |   135 |   158 ||   328
       Confuse           |       |     2 |    27 |    47 |    73 |   117 ||   266
Invok: Shadow Step       |       |       |       |     1 |     7 |     5 ||    13
Evoke: Wand              |       |       |       |       |     2 |     4 ||     6
  Use: Scroll            |     6 |     8 |     6 |    15 |     8 |    10 ||    53
       Potion            |       |       |     5 |     2 |    21 |    16 ||    44
 Stab: Sleeping          |    14 |    32 |    20 |    85 |   153 |    55 ||   359
       Confused          |       |     2 |    10 |    26 |    50 |    59 ||   147
       Distracted        |       |     1 |       |     2 |     4 |     5 ||    12
       Invisible         |       |       |     2 |     4 |    37 |    49 ||    92
  Eat: Royal jelly       |       |     2 |       |       |       |       ||     2
       Bread ration      |       |       |     1 |     1 |     4 |       ||     6
       Fruit             |       |       |       |     2 |       |    13 ||    15
Armor: Robe              |    16 |    50 |    15 |    31 |    84 |    27 ||   223
       Skin              |       |       |     2 |       |       |       ||     2
Dodge: Dodged            |   128 |   211 |   209 |   411 |   871 |   609 ||  2439
Block: Other             |       |       |       |    65 |   264 |   163 ||   492
       Reflection        |       |       |       |       |    16 |     4 ||    20

Table legend:
 A = Spawn XP
 B = Non-spawn XP
 C = Spawn XP percentage of total XP
 D = Spawn monster count
 E = Non-spawn monster count
 F = Spawn count percentage of total count
 G = Total turns spent on level
                    A         B        C        D         E        F      G
               +---------+---------+-------+---------+---------+-------+---------
         Total |       0 |  269869 |   0.0 |       0 |     997 |   0.0 | 52338
               +---------+---------+-------+---------+---------+-------+---------
           D:1 |       0 |      47 |   0.0 |       0 |      25 |   0.0 |  1024
           D:2 |       0 |      74 |   0.0 |       0 |      20 |   0.0 |  1781
           D:3 |       0 |     213 |   0.0 |       0 |      39 |   0.0 |  1372
           D:4 |       0 |     203 |   0.0 |       0 |       8 |   0.0 |   578
           D:5 |       0 |    2244 |   0.0 |       0 |      40 |   0.0 |  2037
           D:6 |       0 |    1398 |   0.0 |       0 |      15 |   0.0 |  1324
           D:7 |       0 |    1820 |   0.0 |       0 |      23 |   0.0 |  1207
           D:8 |       0 |    4491 |   0.0 |       0 |      45 |   0.0 |  1938
           D:9 |       0 |    4019 |   0.0 |       0 |      25 |   0.0 |  1093
          D:10 |       0 |    5581 |   0.0 |       0 |      33 |   0.0 |  1338
          D:11 |       0 |    2416 |   0.0 |       0 |      13 |   0.0 |   571
          D:12 |       0 |    3670 |   0.0 |       0 |      38 |   0.0 |  1229
          D:13 |       0 |    9090 |   0.0 |       0 |      40 |   0.0 |  1149
          D:14 |       0 |    6379 |   0.0 |       0 |      30 |   0.0 |  1303
          D:15 |       0 |   25137 |   0.0 |       0 |      60 |   0.0 |  1778
        Lair:1 |       0 |    3097 |   0.0 |       0 |      12 |   0.0 |  1086
        Lair:2 |       0 |    3714 |   0.0 |       0 |      21 |   0.0 |  1082
        Lair:3 |       0 |    4435 |   0.0 |       0 |      11 |   0.0 |   718
        Lair:4 |       0 |   10521 |   0.0 |       0 |      30 |   0.0 |  1977
        Lair:5 |       0 |    5494 |   0.0 |       0 |      22 |   0.0 |  1294
        Lair:6 |       0 |   16487 |   0.0 |       0 |      39 |   0.0 |  2666
       Swamp:1 |       0 |   12487 |   0.0 |       0 |      34 |   0.0 |  1556
       Swamp:2 |       0 |   15052 |   0.0 |       0 |      39 |   0.0 |  1907
       Swamp:3 |       0 |   16291 |   0.0 |       0 |      44 |   0.0 |  3393
       Swamp:4 |       0 |   29103 |   0.0 |       0 |      50 |   0.0 |  2958
       Snake:1 |       0 |   11490 |   0.0 |       0 |      20 |   0.0 |   718
       Snake:2 |       0 |   20073 |   0.0 |       0 |      33 |   0.0 |  2526
       Snake:3 |       0 |   16379 |   0.0 |       0 |      25 |   0.0 |  1893
       Snake:4 |       0 |   10863 |   0.0 |       0 |      11 |   0.0 |   181
         Orc:1 |       0 |   19325 |   0.0 |       0 |     116 |   0.0 |  7461
         Orc:2 |       0 |    6423 |   0.0 |       0 |      34 |   0.0 |  1071
      Depths:1 |       0 |    1853 |   0.0 |       0 |       2 |   0.0 |     6
               +---------+---------+-------+---------+---------+-------+---------
